 Dungeon Crawl Stone Soup version 0.25.0-46-gbd7b0854d2 (webtiles) character file.

Game seed: 13903887301765903802

59 Milting the Caller (level 3, 0/19 HPs)
             Began as a Deep Elf Summoner on July 12, 2020.
             Slain by a worker ant (4 damage)
             ... on level 4 of the Dungeon.
             The game lasted 00:07:36 (2676 turns).

Milting the Caller (Deep Elf Summoner)              Turns: 2676, Time: 00:07:37

Health: 0/19       AC:  3    Str:  5    XL:     3   Next: 78%
Magic:  6/10       EV: 13    Int: 20    God:
Gold:   136        SH:  0    Dex: 15    Spells: 8/9 levels left

rFire    . . .     SeeInvis .   (no weapon)
rCold    . . .     Gourm    .   (no shield)
rNeg     . . .     Faith    .   a - +0 robe
rPois    .         Spirit   .   h - +0 helmet
rElec    .         Reflect  .   (no cloak)
rCorr    .         Harm     .   (no gloves)
MR       .....                  (no boots)
Stlth    ++........             (no amulet)
HPRegen  0.06/turn              (no ring)
MPRegen  0.12/turn              (no ring)

@: lethally poisoned (0 -> -6)
A: no striking features
a: no special abilities


You were on level 4 of the Dungeon.
You were not hungry.

You visited 1 branch of the dungeon, and saw 3 of its levels.

You collected 136 gold pieces.

Inventory:

Hand Weapons
 f - a cursed -2 mace
Armour
 a - a +0 robe (worn)
 h - a +0 helmet (worn)
Jewellery
 j - a +6 ring of dexterity {unknown}
Scrolls
 g - 2 scrolls of identify {unknown}
 i - a scroll of amnesia {unknown}
 l - a scroll of teleportation {unknown}
Potions
 b - a potion of haste {unknown}
 d - a potion of stabbing {unknown}
 e - 2 potions of curing {unknown}
 k - a potion of heal wounds {unknown}
 m - a potion of flight {unknown}
 n - a potion of lignification {unknown}
 o - a potion of mutation {unknown}
Comestibles
 c - 5 rations


   Skills:
 + Level 3.3 Dodging
 + Level 3.4 Stealth
 + Level 3.8 Spellcasting
 + Level 4.8 Summonings


You had 8 spell levels left.
You knew the following spells:

 Your Spells              Type           Power        Failure   Level  Hunger
a - Summon Small Mammal   Summ           ###.         1%          1    None

Your spell library contained the following spells:

 Spells                   Type           Power        Failure   Level  Hunger
 Call Imp                 Summ           ###.....     2%          2    ##.....
 Call Canine Familiar     Summ           ###.....     5%          3    ###....
 Summon Guardian Golem    Hex/Summ       ##......     14%         3    ###....
 Summon Ice Beast         Ice/Summ       ##......     43%         4    ####...
 Summon Lightning Spire   Summ/Air       ##......     43%         4    ####...


Dungeon Overview and Level Annotations

Branches:
Dungeon (2/15)

Altars:
Elyvilon
Vehumet


Message History

You feel sick.
Your bat closely misses the worker ant.
Your rat completely misses the worker ant.
Your rat bites the worker ant but does no damage.
Your bat barely misses the worker ant.
The worker ant bites your rat.
Your rat dies!
Your rat's corpse disappears in a puff of smoke!
Your rat bites the worker ant.
* * * LOW HITPOINT WARNING * * *
You feel sick. The worker ant misses you.
Casting: Summon Small Mammal (safe; 1% risk of failure)
Confirm with . or Enter, or press ? or * to list all spells.
The worker ant barely misses you.
Your rat bites the worker ant but does no damage.
You swap places.
* * * LOW HITPOINT WARNING * * *
You feel sick.
Your bat hits the worker ant.
Your bat hits the worker ant but does no damage. x2
Your bat hits the worker ant but does no damage.
The worker ant bites you.
You die...

....# #.# .# .# #.# .##.#######
#.# ###### ..........# #.#
#...... ..........# #.# .......
..........########.######.......
.................b.rb...........
...................######.......
...>............@a..............
...................#####........
..........####.###.# .######
#....(....# #.# #.# .#
#.........# #.# #.# ..
#.........# #.# #.# #.
########### #.# ..# #.# ### #.#


You could see a worker ant, 2 friendly bats and a friendly rat (summoned).

Vanquished Creatures
  A rat (D:1)
1 creature vanquished.

Vanquished Creatures (collateral kills)
  An iguana (D:4)
  A worker ant (D:4)
  3 adders (D:2)
  An ooze (D:1)
  3 giant cockroaches
  4 goblins (D:1)
  4 hobgoblins
  A quokka (D:2)
  2 bats
  2 frilled lizards
  4 kobolds
  4 rats
30 creatures vanquished.

Grand Total: 31 creatures vanquished

Notes
Turn   | Place    | Note
-------+----------+-------------------------------------------
     0 | D:1      | Milting the Deep Elf Summoner began the quest for the Orb.
     0 | D:1      | Reached XP level 1. HP: 10/10 MP: 6/6
   882 | D:1      | Reached XP level 2. HP: 15/15 MP: 4/8
  1860 | D:2      | Found a radiant altar of Vehumet.
  1930 | D:2      | Found a white marble altar of Elyvilon.
  2128 | D:2      | Reached XP level 3. HP: 15/19 MP: 7/10
  2327 | D:2      | You fall into a shaft and drop 2 floors!
  2676 | D:4      | Slain by a worker ant

Illustrated notes

Levels and vault maps discovered:
D:1:      dpeg_arrival_tiny_k, layout_basic
D:2:      layout_basic, vehumet_crystals, elyvilon_altar_3
D:4:      layout_basic, serial_shops, shop_statue, first_ration, uniq_menkaure,
          uniq_pikel, uniq_eustachio

Skill      XL: |  1  2 |
---------------+-------+-----
Stealth        | 3 |  3.4
Dodging        | 3 |  3.3
Spellcasting   | |  3.8
Summonings     | |  4.8

Action                   || total
-------------------------++-------
Melee: Unarmed           ||    16
 Cast: Summon Small Mamm ||    95
  Eat: Ration            ||     1
       Chunk             ||     2
Armor: Robe              ||     9
Dodge: Dodged            ||    51
